 Dungeon Crawl Stone Soup version 0.27.1-34-g3ba077fa99 (webtiles) character file.

Game seed: 15825912655732099806

24 Descartes the Grasshopper (level 2, 0/13 HPs)
             Began as a Felid Warper on Jan 22, 2022.
             Slain by a hobgoblin (1 damage)
             ... on level 1 of the Dungeon.
             The game lasted 00:01:20 (1270 turns).

Descartes the Grasshopper (Felid Warper)            Turns: 1270, Time: 00:01:21

Health: 0/13       AC:  1    Str:  7    XL:     2   Next: 79%
Magic:  6/6        EV: 18    Int: 14    God:
Gold:   7          SH:  0    Dex: 15    Spells: 5/5 levels left
                                        Lives:  0   Deaths: 0

rFire    . . .     SeeInvis +     - Unarmed
rCold    . . .     Faith    .   (shield unavailable)
rNeg     . . .     Spirit   .   (armour unavailable)
rPois    .         Reflect  .   (helmet unavailable)
rElec    .         Harm     .   (cloak unavailable)
rCorr    .         Rampage  .   (gloves unavailable)
Will     .....                  (boots unavailable)
Stlth    ++........             (no amulet)
HPRegen  0.04/turn              (no ring)
MPRegen  0.10/turn              (no ring)

@: quick
A: very small, claws 1, fangs 3, see invisible, speed 1, shaggy fur 1, stealthy
paws, no weapons or thrown items, no armour, multi-lived
a: no special abilities


You were on level 1 of the Dungeon.
You visited 1 branch of the dungeon, and saw 1 of its levels.

You collected 7 gold pieces.

Inventory:

Scrolls
 a - a scroll of blinking
 b - a scroll of enchant weapon {unknown}
Potions
 c - a potion of curing {unknown}
 d - a potion of haste {unknown}


   Skills:
 - Level 2.0 Fighting
 + Level 3.6 Dodging
 + Level 1.7 Stealth
 + Level 2.3 Unarmed Combat
 - Level 2.0 Spellcasting
 + Level 4.8 Translocations


You had 5 spell levels left.
You didn't know any spells.
Your spell library contained the following spells:

 Spells                   Type           Power      Damage    Failure   Level
 Blink                    Tloc           N/A        N/A       4%          2
 Gell's Gravitas          Tloc           7%         N/A       10%         3
 Lesser Beckoning         Tloc           7%         N/A       10%         3
 Teleport Other           Tloc           15%        N/A       10%         3
 Manifold Assault         Tloc           15%        N/A       65%         5


Dungeon Overview and Level Annotations

Branches:
Dungeon (1/15)

Altars:

Shops:
D:1 (


Innate Abilities, Weirdness & Mutations

You have sharp claws.
You have razor-sharp teeth.
You have supernaturally acute eyesight. (SInv)
You cover ground quickly. (Speed+)
You are covered in fur. (AC +1)
Your paws help you pounce on unaware monsters.
You are incapable of wielding weapons or throwing items.
You cannot wear armour.
You gain extra lives every three experience levels.


Message History

You are too injured to fight recklessly!
You are too injured to fight recklessly!
You are too injured to fight recklessly!
You are too injured to fight recklessly!
You are too injured to fight recklessly!
You are too injured to fight recklessly!
You are too injured to fight recklessly!
You are too injured to fight recklessly!
You are too injured to fight recklessly!
The bat hits you but does no damage. The dart slug launches a dart at you.
The slug dart hits you.
* * * LOW HITPOINT WARNING * * *
There is an open door here.
The bat barely misses you. The bat barely misses you.
The bat closely misses you. The bat misses you.
The bat hits you but does no damage. The bat barely misses you.
The bat hits you but does no damage.
You closely miss the bat.
The bat is severely wounded.
The bat closely misses you.
You scratch the hobgoblin. You bite the hobgoblin.
The hobgoblin is severely wounded.
The hobgoblin closely misses you.
You barely miss the hobgoblin.
The hobgoblin is severely wounded.
The hobgoblin misses you.
You scratch the hobgoblin but do no damage.
The hobgoblin is severely wounded.
The hobgoblin completely misses you.
You scratch the hobgoblin but do no damage.
The hobgoblin is severely wounded.
The hobgoblin hits you.
* * * LOW HITPOINT WARNING * * *
You scratch the hobgoblin.
The hobgoblin is almost dead.
The hobgoblin hits you.
You die...

...........# #.######.........
...........###.# #.........
...........+...######.........
...........##.......#.........
..........(##.......#.........
...........#........###'######
...........#........# #.##
######....wg####.....#..# ###
####'#####@).+.....##.###.#
#.......##.###.....##.#8#+#
#...w...+... #######.'....
#.......##.#. #.'....
#..!....##.#.########.#8#+#
#.......##.# #........###.#
#.......##.# .#####...####
#.......##.# ###.#.†>..
#.......# .........#.


You could see a dart slug and a hobgoblin.

Vanquished Creatures
  A dart slug (D:1)
  2 ball pythons (D:1)
  An endoplasm (D:1)
  A giant cockroach (D:1)
  2 goblins (D:1)
  7 jackals (D:1)
  A kobold (D:1)
  A quokka (D:1)
  A bat (D:1)
  A frilled lizard (D:1)
18 creatures vanquished.

Notes
Turn   | Place    | Note
-------+----------+-------------------------------------------
     0 | D:1      | Descartes the Felid Warper began the quest for the Orb.
     0 | D:1      | Reached XP level 1. HP: 9/9 MP: 4/4
    69 | D:1      | Found Jaexiu's Antique Weapon Shop.
   158 | D:1      | Reached skill level 1 in Stealth
   381 | D:1      | Reached XP level 2. HP: 6/13 MP: 6/6
  1270 | D:1      | Slain by a hobgoblin

Illustrated notes

Levels and vault maps discovered:
D:1:      wander_arrival_abandoned_jail, layout_basic, serial_shops, shop,
          minmay_octomino_e4

Skill      XL: |  1 |
---------------+----+-----
Stealth        | 1 |  1.7
Fighting       | |  2.0
Dodging        | |  3.6
Unarmed Combat | |  2.3
Spellcasting   | |  2.0
Translocations | |  4.8

Action                   || total
-------------------------++-------
Melee: Unarmed           ||    75
       Bite              ||     7
 Stab: Sleeping          ||     3
Armor: Skin              ||     5
Dodge: Dodged            ||    65
